 Dungeon Crawl Stone Soup version 0.29.1-1-gd02db6906a (webtiles) character file.

Game seed: 13345860131390314054

39 Demigod47 the Covered (level 3, -2/33 HPs)
             Began as a Minotaur Fighter on Oct 13, 2022.
             Killed by nerve-wracking pain
             ... invoked by Jessica
              (12 damage)
             ... on level 2 of the Dungeon.
             The game lasted 00:01:48 (953 turns).

Demigod47 the Covered (Minotaur Fighter)             Turns: 953, Time: 00:01:49

Health: -2/33      AC:  7    Str: 22    XL:     3   Next: 26%
Magic:  2/2        EV:  9    Int:  5    God:
Gold:   41         SH:  4    Dex:  9    Spells: 2/2 levels left

rFire   . . .      SeeInvis .   a - +0 flail
rCold   . . .      Faith    .   c - +0 buckler
rNeg    . . .      Spirit   .   b - +0 scale mail
rPois   .          Reflect  .   (helmet restricted)
rElec   .          Harm     .   (no cloak)
rCorr   .          Rampage  .   (no gloves)
Will    .....                   (no boots)
Stlth   ..........              (no amulet)
HPRegen 0.11/turn               (no ring)
MPRegen 0.08/turn               (no ring)

@: about to teleport
A: horns 2, retaliatory headbutt
a: no special abilities


You were on level 2 of the Dungeon.
You visited 1 branch of the dungeon, and saw 2 of its levels.

You collected 41 gold pieces.

Inventory:

Hand Weapons
 a - a +0 flail (weapon)
Armour
 b - a +0 scale mail (worn)
 c - a +0 buckler (worn)
Scrolls
 k - a scroll of immolation {unknown}
 l - a scroll of acquirement {unknown}
Potions
 d - a potion of might
 f - a potion of curing {unknown}
 g - a potion of ambrosia {unknown}
 h - a potion of mutation {unknown}
 j - a potion of attraction {unknown}
 m - a potion of heal wounds {unknown}


   Skills:
 + Level 4.1 Fighting
 * Level 3.0 Maces & Flails
 + Level 4.3 Armour
 + Level 4.0 Shields


You had 2 spell levels left.
You didn't know any spells.
Your spell library was empty.

Dungeon Overview and Level Annotations

Branches:
Dungeon (2/15)

Altars:

Annotations:
D:2 Jessica


Innate Abilities, Weirdness & Mutations

You have a pair of horns on your head.
You reflexively headbutt those who attack you in melee.


Message History

Jessica hits you but does no damage.
A goblin comes into view. It is wielding a +0 dagger.
The goblin barely misses you. Jessica hits you but does no damage.
You closely miss the goblin. The goblin barely misses you.
Jessica mumbles something strange.
Jessica casts a spell.
Jessica blinks!
An endoplasm comes into view.
The endoplasm quivers.
You hit the goblin.
You kill the goblin!
The goblin barely misses you. The ball python closely misses you.
The ball python grabs you. The ball python constricts you.
Your Shields skill increases to level 4!
You hit the goblin but do no damage. Your headbutt misses the goblin.
You block the goblin's attack. The ball python barely misses you.
The ball python constricts you.
You hit the goblin.
The goblin is moderately wounded.
The ball python bites you but does no damage.
The ball python constricts you. The goblin hits you with a +0 dagger.
The ball python bites you. The ball python constricts you.
The goblin barely misses you.
You closely miss the goblin.
The goblin is moderately wounded.
You block the ball python's attack. The ball python constricts you.
The goblin hits you with a +0 dagger.
Blink to where?
Press: ? - help, Dir - move target You escape the ball python's grasp.
As you read the scroll of blinking, it crumbles to dust.
Jessica barely misses you. The goblin hits you but does no damage.
As you read the scroll of teleportation, it crumbles to dust.
You feel strangely unstable. Jessica hits you with a +0 dagger.
* * * LOW HITPOINT WARNING * * *
The goblin hits you but does no damage. The goblin attacks as you move away!
The goblin closely misses you. Jessica casts a spell at you.
Pain shoots through your body!
You die...

#.# .....#........
#.#..#$....#.#
#.#..##.##.#..
#..........#.#
#..#....#.#)####
#.........#§J..# ##.
#####.##......#S###.....
#<..........@.@g........
#####.##......#.###.....
#.##......#.# ###
#.##.#.#..#.#
#....#.#.##.#
######.#.##.# #.#....#
#.###... #..


You could see Jessica, a goblin and a ball python.

Vanquished Creatures
  2 dart slugs (D:1)
  A ball python (D:1)
  3 endoplasms
  4 giant cockroaches (D:1)
  4 goblins
  A hobgoblin (D:1)
  3 jackals (D:1)
  A quokka (D:1)
  7 bats (D:1)
  2 kobolds (D:1)
  3 rats (D:1)
31 creatures vanquished.

Notes
Turn   | Place    | Note
-------+----------+-------------------------------------------
     0 | D:1      | Demigod47 the Minotaur Fighter began the quest for the Orb.
     0 | D:1      | Reached XP level 1. HP: 19/19 MP: 0/0
   255 | D:1      | Found a faded altar of an unknown god.
   281 | D:1      | Reached XP level 2. HP: 25/27 MP: 1/1
   446 | D:1      | Reached XP level 3. HP: 28/33 MP: 2/2
   936 | D:2      | Noticed Jessica
   953 | D:2      | Killed from afar by Jessica

Illustrated notes

Levels and vault maps discovered:
D:1:      dpeg_arrival_shelter, layout_loops_cross, basic_ecumenical_altar
D:2:      layout_basic, basic_altar, uniq_jessica

Skill      XL: |  1  2  3 |
---------------+----------+-----
Armour         | 4 |  4.3
Fighting       | 4 |  4.1
Maces & Flails | 3 |  3.0
Shields        | 4 |  4.0

Action                   || total
-------------------------++-------
Melee: Flail             ||    59
       Headbutt          ||    14
  Use: Scroll            ||     4
Armor: Scale mail        ||    31
Dodge: Dodged            ||    51
Block: Buckler           ||    17
